[Event "WCCC G10 2019"]
[Site "Weifang"]
[Date "2019.08.21"]
[Round "1.1"]
[White "Li, Rachael"]
[Black "Oyundelger Ochgerel"]
[Result "1-0"]
[ECO "B98"]
[WhiteElo "1911"]
[BlackElo "1128"]
[Annotator "NA"]
[PlyCount "35"]
[EventDate "2019.08.21"]
[EventType "swiss"]
[EventCountry "CHN"]
[SourceTitle "playchess.com"]
[Source "ChessBase"]
[SourceQuality "1"]
[TimeControl "40/5400+30:1800+30"]

1. e4 c5 2. Nf3 d6 3. d4 cxd4 4. Nxd4 Nf6 5. Nc3 a6 6. Bg5 e6 7. f4 Be7 8. Qf3 Qc7 9. O-O-O b5 10. a3 h5 11. Bxf6 Bxf6 12. Bxb5+ Ke7 13. Nf5+ exf5 14. Nd5+ Kd8 15. Nxc7 Kxc7 16. e5 Bb7 $18 17. Qc3+ Kb6 18. Rxd6+ 1-0

[Event "WCCC G10 2019"]
[Site "Weifang"]
[Date "2019.08.21"]
[Round "1.2"]
[White "Pazylbekova, Nurzhamal"]
[Black "Lee, Alice"]
[Result "0-1"]
[ECO "B40"]
[WhiteElo "1123"]
[BlackElo "1822"]
[Annotator "NA"]
[PlyCount "74"]
[EventDate "2019.08.21"]
[EventType "swiss"]
[EventCountry "CHN"]
[SourceTitle "playchess.com"]
[Source "ChessBase"]
[SourceQuality "1"]
[TimeControl "40/5400+30:1800+30"]

1. e4 c5 2. Nf3 e6 3. Nc3 Nc6 4. d3 d5 5. Bf4 Nf6 6. Qc1 Be7 7. Be2 Nd4 8. Bd1 O-O 9. O-O a6 10. Re1 dxe4 11. Nxe4 Nd5 12. Bd2 Nc6 13. Nc3 b5 14. Nxd5 exd5 15. Ne5 Bb7 16. Nxc6 Bxc6 17. Bf3 Bf6 18. Bf4 Qd7 19. Be5 Be7 20. Qd2 f6 21. Bg3 Rae8 22. h3 f5 23. Bf4 $11 Bb7 24. Rac1 Bf6 25. Rb1 Rxe1+ 26. Qxe1 g5 27. Bd2 g4 28. hxg4 fxg4 29. Be2 Bh4 30. g3 d4 31. Kh2 Qd5 32. Qg1 Bg5 33. Be1 Rf6 34. Bxg4 Rh6+ 35. Bh3 Qf3 36. Ba5 Rxh3+ 37. Kxh3 Qh5# 0-1

[Event "WCCC G10 2019"]
[Site "Weifang"]
[Date "2019.08.21"]
[Round "1.3"]
[White "Shukhman, Anna"]
[Black "Karunasena, H G M K Saheli Onaya"]
[Result "1-0"]
[ECO "C68"]
[WhiteElo "1806"]
[BlackElo "1116"]
[Annotator "NA"]
[PlyCount "61"]
[EventDate "2019.08.21"]
[EventType "swiss"]
[EventCountry "CHN"]
[SourceTitle "playchess.com"]
[Source "ChessBase"]
[SourceQuality "1"]
[TimeControl "40/5400+30:1800+30"]

1. e4 e5 2. Nf3 Nc6 3. Bb5 a6 4. Bxc6 dxc6 5. O-O Bd6 6. d4 f6 7. dxe5 fxe5 8. Nxe5 Qe7 {[%emt 0:04:24] C68: Ruy Lopez: Exchange Variation, sidelines} (8... Ne7 9. Nc4 Be6 10. Nxd6+ Qxd6 11. Qxd6 cxd6 12. Nc3 O-O 13. Bg5 Nc8 14. Rad1 b5 15. Rd2 Ra7 16. Rfd1 {1-0 (33) Mazi,L (2379)-Brinovec,D (2226) Portoroz 2016}) 9. Nc4 Bc5 $146 ({Predecessor:} 9... Qxe4 10. Re1 Qxe1+ 11. Qxe1+ Kd8 12. Bg5+ Nf6 13. Bxf6+ gxf6 14. Nxd6 cxd6 15. Nc3 Re8 16. Qd2 Kc7 17. Rd1 Re6 18. Qh6 Bd7 19. h3 Rae8 20. Qxh7 R8e7 21. Qh4 Rf7 22. Qb4 Rfe7 23. f3 {1-0 (23) Motycka,F-Beil,M Chrudim 1993}) 10. Bf4 Nf6 11. Bg5 h6 12. Bxf6 Qxf6 13. Qh5+ Qf7 14. Qxc5 Qe6 15. Nc3 b6 16. Qh5+ g6 17. Qe2 Bd7 18. Rad1 O-O-O 19. Nxb6+ Kb7 20. Nba4 Qe7 21. b4 Ra8 22. Nc5+ Kc8 23. Rxd7 Qf6 24. Rfd1 Qxc3 25. Rd8+ Rxd8 26. Qg4+ Kb8 27. Rxd8+ Ka7 28. Rxa8+ Kb6 29. Rb8+ Ka7 30. Rb7+ Ka8 31. Qc8# 1-0

[Event "WCCC G10 2019"]
[Site "Weifang"]
[Date "2019.08.21"]
[Round "1.4"]
[White "Tynyshtyk, Diana"]
[Black "Zhou, Yafei"]
[Result "0-1"]
[ECO "C02"]
[WhiteElo "1112"]
[BlackElo "1757"]
[Annotator "NA"]
[PlyCount "88"]
[EventDate "2019.08.21"]
[EventType "swiss"]
[EventCountry "CHN"]
[SourceTitle "playchess.com"]
[Source "ChessBase"]
[SourceQuality "1"]
[TimeControl "40/5400+30:1800+30"]

1. e4 e6 2. d4 d5 3. e5 c5 4. c3 Nc6 5. Nf3 Qb6 6. a3 cxd4 7. cxd4 Nge7 8. b4 Nf5 9. Bb2 Be7 10. Be2 Bd7 11. O-O Rc8 12. g4 Nh4 13. Nxh4 Bxh4 14. f4 f6 15. b5 Na5 16. Nc3 Nc4 17. Bc1 O-O 18. g5 fxe5 19. fxe5 Rxf1+ 20. Bxf1 Nxe5 21. Na4 Qxd4+ 22. Qxd4 Nf3+ 23. Kg2 Nxd4 24. Bf4 Bxb5 25. Bxb5 Nxb5 26. Rf1 Rc4 27. Kh3 Rxa4 28. Kxh4 e5 29. Rb1 Rxf4+ 30. Kg3 a6 31. h4 Ra4 32. Rc1 Kf7 33. Rc5 Ke6 34. Rc8 Nd6 35. Rc7 d4 36. Rxg7 Nf5+ 37. Kg4 Nxg7 38. g6 hxg6 39. Kg5 d3 40. Kxg6 d2 41. Kxg7 d1=Q 42. Kf8 Qd8+ 43. Kg7 Rg4+ 44. Kh6 Qxh4# 0-1

[Event "WCCC G10 2019"]
[Site "Weifang"]
[Date "2019.08.21"]
[Round "1.5"]
[White "Chen, Yining"]
[Black "Bryukhanova, Anna"]
[Result "1-0"]
[ECO "D16"]
[WhiteElo "1744"]
[BlackElo "1094"]
[Annotator "NA"]
[PlyCount "57"]
[EventDate "2019.08.21"]
[EventType "swiss"]
[EventCountry "CHN"]
[SourceTitle "playchess.com"]
[Source "ChessBase"]
[SourceQuality "1"]
[TimeControl "40/5400+30:1800+30"]

1. d4 d5 2. c4 c6 3. Nf3 Nf6 4. Nc3 dxc4 5. a4 e6 6. e3 c5 7. Bxc4 Nc6 8. O-O Be7 9. Qe2 O-O 10. Rd1 Nb4 11. e4 b6 12. dxc5 Qc7 13. cxb6 axb6 14. e5 Nd7 15. Nb5 Qc6 16. Bd2 Rd8 17. Rac1 Qb7 18. Bg5 Bxg5 19. Nxg5 Rxa4 20. Nxf7 Rf8 21. Bxe6 Rxf7 22. Bxf7+ Kxf7 23. Nd6+ Ke7 24. Nxb7 Bxb7 25. Qb5 Ra7 26. Rxd7+ Kf8 27. Qxb4+ Kg8 28. Qe7 Kh8 29. Qxg7# 1-0

[Event "WCCC G10 2019"]
[Site "Weifang"]
[Date "2019.08.21"]
[Round "1.6"]
[White "Maral Altankhuyag"]
[Black "Ning, Isabelle Yixuan"]
[Result "1/2-1/2"]
[ECO "B47"]
[WhiteElo "1078"]
[BlackElo "1701"]
[Annotator "NA"]
[PlyCount "117"]
[EventDate "2019.08.21"]
[EventType "swiss"]
[EventCountry "CHN"]
[SourceTitle "playchess.com"]
[Source "ChessBase"]
[SourceQuality "1"]
[TimeControl "40/5400+30:1800+30"]

1. e4 c5 2. Nf3 e6 3. d4 cxd4 4. Nxd4 a6 5. Nc3 Qc7 6. Be2 Nf6 7. O-O Nc6 8. Kh1 b5 9. a3 Bb7 10. f4 d6 11. Be3 Be7 12. Qd2 O-O 13. Nb3 Rfd8 14. Qe1 e5 15. fxe5 Nxe5 16. Bd3 d5 17. exd5 Nxd5 18. Nxd5 Bxd5 19. Nd2 Re8 20. Rc1 Ng4 21. Bf4 Bd6 22. Bxd6 Qxd6 23. Qh4 Nh6 24. Rf2 Rad8 25. Rcf1 Qe7 26. Qg3 Qe5 27. Qh4 Qxb2 28. Be4 Qxa3 29. Bxd5 Rxd5 30. Ne4 Qe7 31. Nf6+ Kh8 32. Qh3 gxf6 33. Qxh6 Rd6 34. Rf5 Qe3 35. Qh4 Qe4 36. Qh5 Rd2 37. Qh3 Rg8 38. Rxf6 Rdxg2 39. R6f3 Qg4 40. Qxg4 R8xg4 41. Rxf7 Rxc2 42. Ra7 Kg8 43. Rd1 Rc8 44. Rxa6 b4 45. Rb6 Rgc4 46. Kg2 Rc2+ 47. Kg3 R8c3+ 48. Kf4 Rxh2 49. Rg1+ Kf7 50. Rxb4 Rh4+ 51. Rg4 Rch3 52. Rb7+ Ke6 53. Rb6+ Kd5 54. Rxh4 Rxh4+ 55. Kg5 Re4 56. Rb7 h6+ 57. Kxh6 Rg4 58. Re7 Kd6 59. Re1 1/2-1/2

[Event "WCCC G10 2019"]
[Site "Weifang"]
[Date "2019.08.21"]
[Round "1.7"]
[White "Lin, Ze Jun"]
[Black "Budaeva, Victoria"]
[Result "0-1"]
[ECO "B06"]
[WhiteElo "1674"]
[BlackElo "1074"]
[Annotator "NA"]
[PlyCount "138"]
[EventDate "2019.08.21"]
[EventType "swiss"]
[EventCountry "CHN"]
[SourceTitle "playchess.com"]
[Source "ChessBase"]
[SourceQuality "1"]
[TimeControl "40/5400+30:1800+30"]

1. e4 g6 2. d4 Bg7 3. Nc3 d6 4. f4 c6 5. Nf3 Bg4 6. Be3 Nd7 7. h3 Bxf3 8. Qxf3 Qb6 9. O-O-O a5 10. e5 Nh6 11. g4 Qc7 12. Bg2 Rc8 13. exd6 exd6 14. Qe4+ Kd8 15. a4 Re8 16. Qd3 Nb6 17. Rhe1 d5 18. b3 Bf8 19. Kb2 Qd6 20. Ra1 f5 21. Bf3 fxg4 22. hxg4 Nd7 23. Qd2 Nf7 24. Rh1 Qe6 25. Bf2 h6 26. Rhe1 Qd6 27. Rxe8+ Kxe8 28. Re1+ Kd8 29. Nb1 b6 30. Re3 Kc7 31. Bg3 g5 32. Qh2 Kb7 33. fxg5 Qg6 34. gxh6 Nxh6 35. Qh5 Qxh5 36. gxh5 Nf5 37. Bf4 Nxe3 38. Bxe3 Nf6 39. Bf4 Ng8 40. Nc3 Bg7 41. Ne2 Rf8 42. Bg4 Bxd4+ 43. c3 Bg7 44. Bd2 Bh6 45. Be1 Nf6 46. Bf3 Ne4 47. Bg4 Rg8 48. Bf3 Rf8 49. Bg4 Bg7 50. Nd4 Bxd4 51. cxd4 Rh8 52. Bh4 b5 53. axb5 cxb5 54. Kc2 Kc6 55. Be1 Nf6 56. Bf3 Nxh5 57. Bxa5 Nf6 58. Bb4 Rh2+ 59. Kc1 Ne4 60. Bd1 Kd7 61. Bg4+ Kc6 62. Bd1 Nf2 63. Bc2 Rh4 64. Bc5 Rh1+ 65. Kd2 Ne4+ 66. Bxe4 dxe4 67. b4 Kd5 68. Ba7 Rh3 69. Bc5 Rd3+ 0-1

[Event "WCCC G10 2019"]
[Site "Weifang"]
[Date "2019.08.21"]
[Round "1.8"]
[White "Khulugurova, Amaliia"]
[Black "Mou, Iris"]
[Result "0-1"]
[ECO "D02"]
[WhiteElo "1066"]
[BlackElo "1669"]
[Annotator "NA"]
[PlyCount "68"]
[EventDate "2019.08.21"]
[EventType "swiss"]
[EventCountry "CHN"]
[SourceTitle "playchess.com"]
[Source "ChessBase"]
[SourceQuality "1"]
[TimeControl "40/5400+30:1800+30"]

1. Nf3 d5 2. g3 Nd7 3. d4 b5 4. Bg2 Ngf6 5. Nbd2 e6 6. O-O Be7 7. Re1 Bb7 8. b3 Nb6 9. Ne5 b4 10. Ndf3 Ne4 11. Bf4 O-O 12. Nd2 Nc3 13. Qc1 c5 14. dxc5 Bxc5 15. Nd3 Be7 16. Qb2 Rc8 17. Nb1 Ne4 18. Qd4 g5 19. Bc1 Bf6 20. Ne5 Nd7 21. f4 gxf4 22. Bxf4 Qc7 23. Bxe4 Nxe5 24. Bxh7+ Kxh7 25. Qxa7 d4 26. Bxe5 Bxe5 27. Kf2 Ra8 28. Qxa8 Bxa8 29. e4 dxe3+ 30. Kxe3 Qc5+ 31. Kd2 Qf2+ 32. Re2 Rd8+ 33. Kc1 Qf1+ 34. Re1 Qxe1# {[%emt 0:00:07] Kd1 Qe2+} 0-1

[Event "WCCC G10 2019"]
[Site "Weifang"]
[Date "2019.08.21"]
[Round "1.9"]
[White "Khamdamova, Afruza"]
[Black "Krasilnikova, Marija"]
[Result "1-0"]
[ECO "B40"]
[WhiteElo "1607"]
[BlackElo "1014"]
[Annotator "NA"]
[PlyCount "39"]
[EventDate "2019.08.21"]
[EventType "swiss"]
[EventCountry "CHN"]
[SourceTitle "playchess.com"]
[Source "ChessBase"]
[SourceQuality "1"]
[TimeControl "40/5400+30:1800+30"]

1. e4 c5 2. Nf3 e6 3. d4 cxd4 4. Nxd4 Nf6 5. Nc3 Bb4 6. e5 Nd5 7. Bd2 Nxc3 8. bxc3 Bc5 9. Qg4 g6 10. Bd3 Nc6 11. Nxc6 bxc6 12. O-O a5 13. Bh6 Ba6 14. Bxa6 Rxa6 15. Qc4 Qb6 16. Rab1 Qa7 17. Bg7 Rg8 18. Qxa6 Qxa6 19. Rb8+ Ke7 20. Bf6# 1-0

[Event "WCCC G10 2019"]
[Site "Weifang"]
[Date "2019.08.21"]
[Round "1.10"]
[White "Yuan, Rui"]
[Black "Rouda Essa, Alserkal"]
[Result "1-0"]
[ECO "E94"]
[WhiteElo "1008"]
[BlackElo "1601"]
[Annotator "NA"]
[PlyCount "119"]
[EventDate "2019.08.21"]
[EventType "swiss"]
[EventCountry "CHN"]
[SourceTitle "playchess.com"]
[Source "ChessBase"]
[SourceQuality "1"]
[TimeControl "40/5400+30:1800+30"]

1. d4 Nf6 2. c4 g6 3. Nc3 Bg7 4. e4 d6 5. Nf3 O-O 6. Be2 Nbd7 7. O-O e5 8. d5 Nc5 9. Qc2 a5 10. Be3 Ne8 11. a3 a4 12. Bxc5 dxc5 13. Nxa4 Qe7 14. Nc3 f5 15. Qd2 f4 16. Ne1 g5 17. Qd1 Nf6 18. f3 h5 19. Nd3 Rf7 20. Nf2 Bf8 21. h3 Rg7 22. a4 Nh7 23. Nb5 Ra6 24. Qd2 Rag6 25. Qc3 Qe8 26. Qa5 Nf6 27. Qa8 Rd7 28. Nd3 Bd6 29. Na7 Rd8 30. Nxc8 Rxc8 31. Qxb7 g4 32. Kh2 g3+ 33. Kg1 Qf8 34. a5 Nh7 35. a6 Ra8 36. a7 Ng5 37. Ra5 Rg7 38. Rfa1 Rd7 39. Qc6 Rdd8 40. Nxc5 Bxc5+ 41. Qxc5 Qg7 42. h4 Nh7 43. Rb5 Qf6 44. Qxc7 Qxh4 45. Qb6 Nf8 46. Kf1 Kh8 47. Qg1 Qe7 48. Ra6 Kg7 49. Qb6 Qh4 50. Ke1 Qg5 51. Qc6 Nd7 52. Rb7 Qe7 53. Qe6 Qf7 54. Rd6 Qxe6 55. dxe6 Kf8 56. Rdxd7 Rxd7 57. Rxd7 h4 58. Rb7 h3 59. gxh3 g2 60. Kf2 1-0

[Event "WCCC G10 2019"]
[Site "Weifang"]
[Date "2019.08.22"]
[Round "2.1"]
[White "Liu, Xinrui"]
[Black "Li, Rachael"]
[Result "0-1"]
[ECO "A45"]
[WhiteElo "1303"]
[BlackElo "1911"]
[Annotator "NA"]
[PlyCount "86"]
[EventDate "2019.08.21"]
[EventType "swiss"]
[EventCountry "CHN"]
[SourceTitle "playchess.com"]
[Source "ChessBase"]
[SourceQuality "1"]
[TimeControl "40/5400+30:1800+30"]

1. d4 Nf6 2. Bf4 c5 3. e3 Qb6 4. b3 g6 5. Nf3 Bg7 6. Nc3 O-O 7. Be2 cxd4 8. exd4 d6 9. O-O Bf5 10. Bd3 Bxd3 11. Qxd3 Nc6 12. Rfe1 Rac8 13. Na4 Qc7 14. c3 Nd5 15. Bd2 a6 16. c4 Ndb4 17. Bxb4 Nxb4 18. Qd2 Nc6 19. Rac1 e5 20. dxe5 dxe5 21. Qe3 Rcd8 22. Rcd1 Rxd1 23. Rxd1 Rd8 24. Rxd8+ Qxd8 25. Qd2 Nd4 26. Nxd4 exd4 27. g3 Qe7 28. Kf1 Qe4 29. Kg1 h5 30. Nc5 Qc6 31. Na4 h4 32. Qd3 Qd6 33. Kg2 hxg3 34. hxg3 Qa3 35. Qd2 b5 36. cxb5 axb5 37. Nb6 Qd6 38. Qa5 d3 39. Qa8+ Kh7 40. Qd5 Qxb6 41. Qxd3 b4 42. Qc4 Qb7+ 43. Kg1 Bc3 0-1

[Event "WCCC G10 2019"]
[Site "Weifang"]
[Date "2019.08.22"]
[Round "2.2"]
[White "Lee, Alice"]
[Black "Sachi Jain"]
[Result "1-0"]
[ECO "D36"]
[WhiteElo "1822"]
[BlackElo "1282"]
[Annotator "NA"]
[PlyCount "87"]
[EventDate "2019.08.21"]
[EventType "swiss"]
[EventCountry "CHN"]
[SourceTitle "playchess.com"]
[Source "ChessBase"]
[SourceQuality "1"]
[TimeControl "40/5400+30:1800+30"]

1. d4 Nf6 2. c4 e6 3. Nc3 d5 4. cxd5 exd5 5. Bg5 Be7 6. e3 Nbd7 7. Bd3 c6 8. Nge2 O-O 9. O-O Re8 10. f3 Nf8 11. Qc2 N6d7 12. Bxe7 Qxe7 13. e4 Nf6 14. e5 N6d7 15. f4 f6 16. Ng3 Nb6 17. Rae1 Bd7 18. e6 Bxe6 19. f5 Qb4 20. fxe6 Qxd4+ 21. Kh1 Qc5 22. Bf5 Nc4 23. Nxd5 cxd5 24. b3 b5 25. bxc4 bxc4 26. Bg4 Rab8 27. Nf5 Rb6 28. e7 Ng6 29. Bh5 c3 30. Nh6+ gxh6 31. Bxg6 Rxe7 32. Bxh7+ Rxh7 33. Qg6+ Rg7 34. Re8+ Qf8 35. Rxf8+ Kxf8 36. Qd3 Rc7 37. Qxd5 Rcc6 38. Qd8+ Kg7 39. Qd7+ Kg6 40. h4 c2 41. h5+ Kxh5 42. Qf5+ Kh4 43. Rf4+ Kg3 44. Qg4# 1-0

[Event "WCCC G10 2019"]
[Site "Weifang"]
[Date "2019.08.22"]
[Round "2.3"]
[White "Mgeladze, Kesaria"]
[Black "Shukhman, Anna"]
[Result "0-1"]
[ECO "B22"]
[WhiteElo "1303"]
[BlackElo "1806"]
[Annotator "NA"]
[PlyCount "104"]
[EventDate "2019.08.21"]
[EventType "swiss"]
[EventCountry "CHN"]
[SourceTitle "playchess.com"]
[Source "ChessBase"]
[SourceQuality "1"]
[TimeControl "40/5400+30:1800+30"]

1. e4 c5 2. c3 Nf6 3. e5 Nd5 4. d4 cxd4 5. Qxd4 e6 6. Nf3 Nc6 7. Qe4 f5 8. exf6 Nxf6 9. Qh4 e5 10. Bg5 d5 11. Bb5 Bd6 12. O-O O-O 13. Rd1 Be6 14. Nbd2 h6 15. Bxf6 Qxf6 16. Qxf6 gxf6 17. Ne4 Be7 18. Ng3 Kf7 19. Nh4 Bc5 20. Ngf5 Ne7 21. Nxe7 Bxe7 22. Nf3 Rac8 23. Ba4 Bc5 24. Rd2 Rfd8 25. Rad1 Rd6 26. Bb3 Rcd8 27. Kf1 Ke7 28. Ke2 a5 29. h3 b5 30. a3 d4 31. Bxe6 d3+ 32. Rxd3 Rxd3 33. Rxd3 Rxd3 34. Kxd3 Kxe6 35. Ke2 Kd5 36. Nd2 e4 37. f3 f5 38. fxe4+ fxe4 39. g4 a4 40. h4 Be7 41. Ke3 Bxh4 42. Nxe4 Ke5 43. Nc5 Bg5+ 44. Kd3 Bc1 45. Kc2 Be3 46. Na6 Kf4 47. Nc7 Kxg4 48. Nxb5 h5 49. Nd6 h4 50. Ne4 h3 51. Kd3 Kf3 52. c4 h2 0-1

[Event "WCCC G10 2019"]
[Site "Weifang"]
[Date "2019.08.22"]
[Round "2.4"]
[White "Zhou, Yafei"]
[Black "Feng, Eunice"]
[Result "0-1"]
[ECO "D86"]
[WhiteElo "1757"]
[BlackElo "1280"]
[Annotator "NA"]
[PlyCount "82"]
[EventDate "2019.08.21"]
[EventType "swiss"]
[EventCountry "CHN"]
[SourceTitle "playchess.com"]
[Source "ChessBase"]
[SourceQuality "1"]
[TimeControl "40/5400+30:1800+30"]

1. d4 Nf6 2. c4 g6 3. Nc3 d5 4. cxd5 Nxd5 5. e4 Nxc3 6. bxc3 Bg7 7. Bc4 c5 8. Ne2 Nc6 9. Be3 cxd4 10. cxd4 b5 11. Bd5 Bd7 12. Rc1 Rc8 13. O-O e6 14. Bxc6 Rxc6 15. Rxc6 Bxc6 16. Qc2 Bb7 17. Qc5 a6 18. f3 Qe7 19. Rd1 f5 20. Qb6 fxe4 21. fxe4 O-O 22. e5 Qd7 23. Rd2 Rc8 24. Nf4 Bh6 25. Re2 Rc3 26. Qd6 Qc8 27. Bd2 Rc2 28. Kf2 Bxf4 29. Bxf4 Rxe2+ 30. Kxe2 Bxg2 31. Kf2 Bd5 32. a3 Qc2+ 33. Kg3 Qg2+ 34. Kh4 g5+ 35. Kh5 Qh3+ 36. Kxg5 Qf5+ 37. Kh4 Qxf4+ 38. Kh3 Qe3+ 39. Kh4 Qxd4+ 40. Kg5 Qg1+ 41. Kf6 Qg7# 0-1

[Event "WCCC G10 2019"]
[Site "Weifang"]
[Date "2019.08.22"]
[Round "2.5"]
[White "Zhang, Elena"]
[Black "Chen, Yining"]
[Result "0-1"]
[ECO "A48"]
[WhiteElo "1281"]
[BlackElo "1744"]
[Annotator "NA"]
[PlyCount "80"]
[EventDate "2019.08.21"]
[EventType "swiss"]
[EventCountry "CHN"]
[SourceTitle "playchess.com"]
[Source "ChessBase"]
[SourceQuality "1"]
[TimeControl "40/5400+30:1800+30"]

1. d4 Nf6 2. Nf3 g6 3. Bf4 Bg7 4. e3 d6 5. h3 O-O 6. Be2 Nbd7 7. O-O Qe8 8. c4 e5 9. Bh2 Qe7 10. Nc3 a5 11. Qc2 c6 12. dxe5 Nxe5 13. Nxe5 dxe5 14. Rfd1 Nd7 15. Rd2 Nc5 16. Rad1 Bf5 17. e4 Be6 18. Na4 f5 19. Nxc5 Qxc5 20. Qb3 fxe4 21. Bg3 b5 22. Rd6 a4 23. Qc3 Bf7 24. cxb5 Qxc3 25. bxc3 cxb5 26. Bxb5 Bxa2 27. Ra1 Bb3 28. Bc6 Ra5 29. Bxe4 Rc8 30. Rc6 Rxc6 31. Bxc6 a3 32. f4 exf4 33. Bxf4 Bxc3 34. Rf1 a2 35. Bh6 Rf5 36. Rxf5 a1=Q+ 37. Kh2 gxf5 38. Bf4 Bd4 39. Bf3 Qg1+ 40. Kg3 Bf2# 0-1

[Event "WCCC G10 2019"]
[Site "Weifang"]
[Date "2019.08.22"]
[Round "2.6"]
[White "Mou, Iris"]
[Black "Huynh, Phuc Minh Phuong"]
[Result "1-0"]
[ECO "C78"]
[WhiteElo "1669"]
[BlackElo "1254"]
[Annotator "NA"]
[PlyCount "85"]
[EventDate "2019.08.21"]
[EventType "swiss"]
[EventCountry "CHN"]
[SourceTitle "playchess.com"]
[Source "ChessBase"]
[SourceQuality "1"]
[TimeControl "40/5400+30:1800+30"]

1. e4 e5 2. Nf3 Nc6 3. Bb5 a6 4. Ba4 Nf6 5. O-O b5 6. Bb3 Bc5 7. d3 h6 8. Nc3 d6 9. h3 O-O 10. a3 Bb7 11. Be3 Bxe3 12. fxe3 Ne7 13. Nh4 d5 14. Rxf6 gxf6 15. Nxd5 Bxd5 16. Bxd5 Nxd5 17. exd5 f5 18. Nxf5 Qg5 19. Qf3 Kh8 20. h4 Qg6 21. Rf1 Rae8 22. e4 Rg8 23. Ne3 Rg7 24. Qf6 Kh7 25. g4 a5 26. Kg2 h5 27. g5 Qxf6 28. Rxf6 Kg8 29. Nf5 Rg6 30. Nh6+ Kh8 31. Rxf7 c6 32. Nf5 cxd5 33. exd5 Rc8 34. c3 Rd8 35. d6 Kg8 36. Ra7 Kf8 37. Kf3 a4 38. Ke4 Re6 39. Kd5 Rg6 40. Rh7 Ke8 41. Rxh5 Kd7 42. Rh7+ Kc8 43. Ne7+ 1-0

[Event "WCCC G10 2019"]
[Site "Weifang"]
[Date "2019.08.22"]
[Round "2.7"]
[White "Sosovickova, Martina"]
[Black "Khamdamova, Afruza"]
[Result "0-1"]
[ECO "C44"]
[WhiteElo "1277"]
[BlackElo "1607"]
[Annotator "NA"]
[PlyCount "48"]
[EventDate "2019.08.21"]
[EventType "swiss"]
[EventCountry "CHN"]
[SourceTitle "playchess.com"]
[Source "ChessBase"]
[SourceQuality "1"]
[TimeControl "40/5400+30:1800+30"]

1. e4 e5 2. Nf3 Nc6 3. c3 d5 4. Qa4 dxe4 5. Nxe5 Bd6 6. Nxc6 bxc6 7. Qxc6+ Bd7 8. Qxe4+ Ne7 9. Bc4 O-O 10. O-O Kh8 11. d4 f5 12. Qc2 f4 13. f3 Nf5 14. Qf2 Qg5 15. Bd3 Ne3 16. Re1 Rae8 17. Re2 Bh3 18. Bxe3 fxe3 19. Qf1 Bg4 20. Kh1 Qh4 21. Qg1 Rxf3 22. h3 Rxh3+ 23. gxh3 Qxh3+ 24. Rh2 Bf3+ 0-1

[Event "WCCC G10 2019"]
[Site "Weifang"]
[Date "2019.08.22"]
[Round "2.8"]
[White "Gaszka, Zuzanna"]
[Black "Stoll, Lucia"]
[Result "1-0"]
[ECO "D36"]
[WhiteElo "1230"]
[BlackElo "1596"]
[Annotator "NA"]
[PlyCount "129"]
[EventDate "2019.08.21"]
[EventType "swiss"]
[EventCountry "CHN"]
[SourceTitle "playchess.com"]
[Source "ChessBase"]
[SourceQuality "1"]
[TimeControl "40/5400+30:1800+30"]

1. d4 d5 2. c4 e6 3. Nc3 Nf6 4. cxd5 exd5 5. Bg5 Be7 6. e3 c6 7. Bd3 Nbd7 8. Qc2 Nf8 9. Nge2 g6 10. f3 Ne6 11. Bh4 O-O 12. O-O-O b5 13. g4 a5 14. Bg3 Ba6 15. h4 b4 16. Na4 Bxd3 17. Rxd3 c5 18. dxc5 Bxc5 19. Kb1 Rc8 20. Qd2 Qd7 21. b3 Rfd8 22. Be5 Ne8 23. h5 Qb7 24. hxg6 fxg6 25. Nf4 Nxf4 26. exf4 Bf8 27. f5 Bg7 28. Bxg7 Qxg7 29. Rxd5 Rxd5 30. Qxd5+ Kh8 31. Qe6 Rd8 32. fxg6 Nf6 33. Qf5 Re8 34. g5 Kg8 35. gxf6 Qxg6 36. f7+ Qxf7 37. Rg1+ Kf8 38. Qxa5 Qxf3 39. Qxb4+ Re7 40. Qb8+ Re8 41. Rg8+ Kxg8 42. Qxe8+ Kg7 43. Qd7+ Kg6 44. Qd6+ Kf7 45. Nc5 Qf1+ 46. Kb2 Qe2+ 47. Ka3 h5 48. Qd7+ Kf6 49. Qd6+ Kf7 50. Qd5+ Kg6 51. Qe4+ Qxe4 52. Nxe4 h4 53. b4 Kf5 54. b5 Ke5 55. b6 h3 56. b7 Kxe4 57. b8=Q Kf3 58. Qh2 Kg4 59. Kb3 Kh4 60. Kc3 Kg4 61. Kd3 Kh4 62. Ke4 Kg4 63. Ke5 Kh4 64. Kf5 Kh5 65. Qxh3# 1-0

[Event "WCCC G10 2019"]
[Site "Weifang"]
[Date "2019.08.22"]
[Round "2.9"]
[White "Sneha Halder"]
[Black "Munkh-Oyun, Munkhbat"]
[Result "1-0"]
[ECO "A07"]
[WhiteElo "1561"]
[BlackElo "1153"]
[Annotator "NA"]
[PlyCount "65"]
[EventDate "2019.08.21"]
[EventType "swiss"]
[EventCountry "CHN"]
[SourceTitle "playchess.com"]
[Source "ChessBase"]
[SourceQuality "1"]
[TimeControl "40/5400+30:1800+30"]

1. Nf3 Nf6 2. g3 d5 3. Bg2 Bf5 4. O-O g6 5. c4 Bg7 6. Qb3 Bc8 7. cxd5 Nxd5 8. Nd4 e6 9. Bxd5 exd5 10. Qe3+ Qe7 11. Nb5 Na6 12. N1c3 Qxe3 13. fxe3 Be6 14. e4 dxe4 15. Nxe4 Bc4 16. Nbd6+ cxd6 17. Nxd6+ Ke7 18. Nxc4 Nb4 19. d3 Rhe8 20. Bf4 Kf8 21. Bd6+ Kg8 22. Bxb4 b5 23. Nd6 Rxe2 24. Bc3 Bxc3 25. bxc3 a6 26. Rae1 Rd2 27. Nxf7 Rxd3 28. Re7 Rxc3 29. Nh6+ Kh8 30. Rff7 Rc1+ 31. Kg2 Rc2+ 32. Kh3 Rc5 33. Rxh7# 1-0

[Event "WCCC G10 2019"]
[Site "Weifang"]
[Date "2019.08.22"]
[Round "2.10"]
[White "Budaeva, Victoria"]
[Black "Zhao, Yunqing"]
[Result "1/2-1/2"]
[ECO "B20"]
[WhiteElo "1074"]
[BlackElo "1539"]
[Annotator "NA"]
[PlyCount "86"]
[EventDate "2019.08.21"]
[EventType "swiss"]
[EventCountry "CHN"]
[SourceTitle "playchess.com"]
[Source "ChessBase"]
[SourceQuality "1"]
[TimeControl "40/5400+30:1800+30"]

1. e4 c5 2. d3 Nc6 3. g3 g6 4. c3 Bg7 5. Bg2 d6 6. Ne2 e6 7. Nd2 Nge7 8. O-O O-O 9. Re1 Rb8 10. a4 a6 11. Nf1 b5 12. axb5 axb5 13. Be3 b4 14. Qd2 Qc7 15. Bh6 bxc3 16. bxc3 Na5 17. Bxg7 Kxg7 18. Rab1 Ba6 19. f4 c4 20. d4 Nb3 21. Qe3 Bb7 22. Nc1 Nxc1 23. Rexc1 d5 24. e5 Bc6 25. g4 Rxb1 26. Rxb1 Rb8 27. Rxb8 Qxb8 28. h4 h6 29. Kh2 Qb1 30. Ng3 Ba4 31. h5 Bd1 32. Bf3 Qc2+ 33. Kh3 Bxf3 34. Qxf3 Qb1 35. hxg6 fxg6 36. Qe2 Qc1 37. Qf3 Qb1 38. Qe2 Qc1 39. Qf3 Qc2 40. Nf1 Kf7 41. Ng3 Kg7 42. Nf1 Kf7 43. Ng3 Kg7 1/2-1/2

[Event "WCCC G10 2019"]
[Site "Weifang"]
[Date "2019.08.23"]
[Round "3.1"]
[White "Li, Rachael"]
[Black "Kaliakhmet, Elnaz"]
[Result "1-0"]
[ECO "B26"]
[WhiteElo "1911"]
[BlackElo "1538"]
[Annotator "NA"]
[PlyCount "131"]
[EventDate "2019.08.21"]
[EventType "swiss"]
[EventCountry "CHN"]
[SourceTitle "playchess.com"]
[Source "ChessBase"]
[SourceQuality "1"]
[TimeControl "40/5400+30:1800+30"]

1. e4 c5 2. Nc3 Nc6 3. g3 g6 4. Bg2 Bg7 5. d3 d6 6. Be3 Rb8 7. Qd2 b5 8. Nge2 b4 9. Nd1 Nd4 10. O-O e6 11. c3 bxc3 12. Ndxc3 Ne7 13. Rac1 O-O 14. b3 Ba6 15. Rfd1 Qd7 16. Bh6 Nec6 17. Bxg7 Kxg7 18. Nxd4 Nxd4 19. e5 Bb7 20. exd6 Qxd6 21. Ne4 Bxe4 22. dxe4 Rfd8 23. Kh1 Rbc8 24. Rc4 Rc7 25. Rdc1 Rdc8 26. b4 e5 27. Bh3 f5 28. exf5 gxf5 29. Rxc5 Rxc5 30. bxc5 Rxc5 31. Qg5+ Kh8 32. Rxc5 Qxc5 33. Qd8+ Kg7 34. Qd7+ Kg6 35. Bxf5+ Nxf5 36. Qe6+ Kg5 37. h4+ Kg4 38. Kg2 Qf8 39. f3+ Kh5 40. Kh3 Nxh4 41. Qg4+ Kh6 42. Qxh4+ Kg6 43. Qg4+ Kf6 44. Qd7 Qg7 45. Qd6+ Kf5 46. g4+ Kg5 47. Qd2+ Kf6 48. Kg3 h5 49. Qd8+ Ke6 50. Qe8+ Kd5 51. Qxh5 Kd4 52. Qf5 Kd5 53. f4 Qb7 54. Qxe5+ Kc4 55. Qe6+ Kd4 56. g5 Qh1 57. Qd7+ Kc4 58. Qxa7 Qe1+ 59. Qf2 Qc3+ 60. Kg4 Qg7 61. f5 Qd7 62. g6 Qd1+ 63. Kg5 Qc1+ 64. Qf4+ Qxf4+ 65. Kxf4 Kd5 66. g7 1-0